AoeStats
← O grande

Arabia

506171528Analyzed
1v1 RM · 19d ago on Sep 12, 2026· 72m 39s· 2 players
Game mode
Random Map
Map size
Tiny (2 player)
Population
200
Speed
Normal
Resources
Standard
Victory
Conquest
Starting age
Dark Age
Ending age
Imperial Age
RankedLock teamsTeams togetherTeam positionsShared explorationLock speedFull tech treeHidden civsTurbo modeCheats
Victory
Defeat
🇹🇷 Persians · Türkiye
1964
+20
🇧🇷 Romans · Brazil
2047
-20
Maverick_Taha
6:10 Loom
8:47 Feudal Age
11:39 Double-Bit Axe
14:40 Fletching
20:06 Castle Age
20:03 Scale Barding Armor
20:45 Bloodlines
21:59 Bow Saw
22:30 Wheelbarrow
22:26 Horse Collar
24:03 Heavy Plow
25:14 Stone Mining
27:07 Hand Cart
26:43 Town Watch
27:33 Husbandry
30:36 Ballistics
33:39 Imperial Age
32:00 Bodkin Arrow
33:36 Padded Archer Armor
33:00 Crossbowman
34:25 Murder Holes
35:30 Chemistry
35:02 Leather Archer Armor
35:11 Masonry
35:22 Conscription
37:13 Ring Archer Armor
37:18 Thumb Ring
38:52 Chain Barding Armor
38:43 Forging
39:21 Kamandaran
40:01 Architecture
40:33 Plate Barding Armor
39:20 Light Cavalry
40:46 Hussar
42:44 Iron Casting
45:05 Blast Furnace
48:21 Two-Man Saw
48:05 Crop Rotation
50:03 Heavy Camel Rider
50:35 Pikeman
51:16 Squires
51:17 Scale Mail Armor
52:11 Hoardings
52:17 Capped Ram
54:13 Siege Ram
O grande
6:15 Loom
8:32 Feudal Age
8:54 Man-at-Arms
13:09 Double-Bit Axe
19:23 Castle Age
17:32 Horse Collar
17:44 Gold Mining
20:15 Bow Saw
20:06 Heavy Plow
20:44 Wheelbarrow
21:09 Town Watch
30:15 Imperial Age
27:48 Scale Mail Armor
27:21 Pikeman
29:11 Fletching
29:04 Long Swordsman
30:27 Chain Mail Armor
31:41 Forging
31:14 Halberdier
31:54 Squires
38:35 Conscription
38:10 Elite Skirmisher
38:50 Padded Archer Armor
39:19 Bodkin Arrow
39:29 Capped Ram
40:30 Leather Archer Armor
40:37 Ballistics
41:37 Chemistry
41:53 Ring Archer Armor
42:58 Iron Casting
43:47 Scale Barding Armor
44:43 Blast Furnace
43:42 Light Cavalry
46:57 Crop Rotation
47:03 Gold Shaft Mining
46:19 Stone Mining
46:41 Bloodlines
46:31 Husbandry
46:57 Siege Engineers
47:44 Chain Barding Armor
49:05 Plate Barding Armor
49:12 Masonry
48:57 Murder Holes
49:25 Guilds
49:23 Elite Centurion
50:49 Guard Tower
52:01 Legionary
53:44 Ballistas
54:04 Comitatenses
53:51 Siege Ram
55:28 Heavy Scorpion
64:19 Architecture
Connection lost

Rejoining the realm…

Still unreachable

The connection could not be restored.

Session expired

The server has moved on; the page needs a fresh start.